[Event "Early-Titled-Tuesday-Blitz-May-07-2024"]
[Site "Chess.com"]
[Date "2024.05.07"]
[Round "7"]
[White "Giorno"]
[Black "chess_sharparchitect"]
[Result "1-0"]
[WhiteElo "2542"]
[BlackElo "2262"]
[TimeControl "180+1"]
[EndTime "9:22:06 PDT"]
[Termination "Giorno won on time"]

1. b3 e5 2. Bb2 Nc6 3. e3 d5 4. Bb5 Bd6 5. Nf3 Qe7 6. d4 exd4 7. Qxd4 Nf6 8. O-O Bd7 9. Bxc6 Bxc6 10. Nbd2 O-O 11.
Qh4 Ne4 12. Qxe7 Bxe7 13. Nxe4 dxe4 14. Ne5 Bd5 15. Rad1 Rad8 16. f3 Bc5 17. Kf2 exf3 18. gxf3 f6 19. Nd3 Bb6 20. Bd4 Rfe8 21. c4 Bxd4 22.
exd4 Bf7 23. Nc5 b6 24. Na6 c6 25. Rd2 g5 26. Rfd1 Rd6 27. c5 Rd7 28. Nb4 Bd5 29.
Rc1 b5 30. Ra1 a5 31. Nc2 b4 32. Ne3 Bf7 33. a3 Red8 34. axb4 axb4 35. Nc2 Bxb3 36. Nxb4 Rxd4 37. Rxd4 Rxd4 38. Nxc6 Rd2+ 39. Ke3 Rxh2 40. Nd4 Bd5 41. c6 Rb2 42. Ra8+ Kg7 43. c7 Bb7 44. Rb8 1-0

[Event "Early-Titled-Tuesday-Blitz-May-07-2024"]
[Site "Chess.com"]
[Date "2024.05.07"]
[Round "7"]
[White "Nf3c5"]
[Black "Sokoloco"]
[Result "0-1"]
[WhiteElo "2607"]
[BlackElo "2805"]
[TimeControl "180+1"]
[EndTime "9:22:07 PDT"]
[Termination "Sokoloco won by resignation"]

1. e4 g6 2. d4 Bg7 3. Nc3 d6 4. Be3 a6 5. Qd2 b5 6. h4 h6 7. a3 Bb7 8. f4 Nd7 9. Nf3 e5 10. fxe5 dxe5 11. d5 Ngf6 12. O-O-O Ng4 13. Bg1 h5 14. Kb1 Bh6 15. Qe1 O-O 16. g3 Qf6 17.
Nd2 Nb6 18. Bh3 Bc8 19. Bc5 Rd8 20. Rf1 Qg7 21. Qe2 Bxd2 22. Qxd2 Nc4 23. Qe2 Nge3 24. Bxc8 Nxd1 25. Nxd1 Raxc8 26. Be7 Rd7 27. Bf6 Qh6 28. b3 Nd2+ 29. Kb2 Nxf1 30. Qxf1 Re8 31. Qf3 Rd6 32. Ne3 Rxf6 33. Qxf6 Qxe3 34. Qc6 Rf8 35. g4 hxg4 36. h5 Qxe4 37. h6 Qf4 38. Qxc7 Qxh6 39. Qxe5 Qg7 0-1

[Event "Early-Titled-Tuesday-Blitz-May-07-2024"]
[Site "Chess.com"]
[Date "2024.05.07"]
[Round "7"]
[White "SaiHanThiha"]
[Black "SkinnyPuppy8"]
[Result "1-0"]
[WhiteElo "2450"]
[BlackElo "2228"]
[TimeControl "180+1"]
[EndTime "9:22:08 PDT"]
[Termination "SaiHanThiha won by checkmate"]

1. e4 d5 2. exd5 Nf6 3. d4 Bg4 4. Be2 Bxe2 5. Qxe2 Qxd5 6. Nf3 e6 7. O-O Nc6 8. c4 Nxd4 9. Nxd4 Qxd4 10. Nc3 Bd6 11.
Be3 Qe5 12. f4 Qh5 13. Qxh5 Nxh5 14. c5 Be7 15. Nb5 Bd8 16. f5 O-O 17. Rad1 a6 18. Nd4 e5 19. Nf3 e4 20. Ne5 Re8 21. Nc4 Nf6 22. Na5 Rb8 23. c6 b6 24. Nb7 Be7 25.
Bf4 Rbc8 26. h3 Bf8 27. g4 h6 28. Kf2 Nh7 29. Ke3 Ng5 30. h4 Nh7 31. g5 hxg5 32. hxg5 Bc5+ 33. Nxc5 bxc5 34. Rd7 f6 35. g6 Ng5 36.
Rfd1 Kf8 37. Bxg5 fxg5 38. Rf7+ Kg8 39. Rdd7 Rb8 40. Rxg7+ Kh8 41. f6 Rxb2 42. Rh7+ Kg8 43. Rdg7+ Kf8 44. Rh8# 1-0

[Event "Early-Titled-Tuesday-Blitz-May-07-2024"]
[Site "Chess.com"]
[Date "2024.05.07"]
[Round "7"]
[White "GothamChess"]
[Black "Golubovsky"]
[Result "0-1"]
[WhiteElo "2713"]
[BlackElo "2527"]
[TimeControl "180+1"]
[EndTime "9:22:09 PDT"]
[Termination "Golubovsky won by resignation"]

1. e4 c5 2. Nc3 d6 3. d4 cxd4 4. Qxd4 Nc6 5. Qd2 g6 6. b3 Bh6 7.
f4 Nf6 8. Bb2 Qa5 9. O-O-O Bg4 10. Be2 O-O-O 11. Kb1 Kb8 12. h3 Bxe2 13. Ngxe2 Rhe8 14. g4 Bg7 15. Ng3 h6 16. Rhe1 h5 17. g5 Nd7 18.
Nd5 Qxd2 19. Rxd2 Bxb2 20. Kxb2 Nc5 21. h4 b6 22. a3 Kb7 23. b4 Na4+ 24. Kb3 b5 25. c4 a6 26. Rc1 Nb6 27. Nxb6 Kxb6 28. cxb5 axb5 29. Ne2 Rc8 30. Rdc2 e6 31. Rd2 d5 32. e5 Na7 33. Rdc2 Rc4 34. Rxc4 bxc4+ 35. Kc2 Rd8 36. Nd4 Nb5 37. Nxb5 Kxb5 38. Rd1 d4 39. Re1 Ra8 40. Kb2 Kc6 41. Rd1 Kd5 42. Re1 d3 43.
b5 Kd4 44. b6 c3+ 45. Ka2 d2 0-1

[Event "Early-Titled-Tuesday-Blitz-May-07-2024"]
[Site "Chess.com"]
[Date "2024.05.07"]
[Round "7"]
[White "andriipalchuk"]
[Black "nochewycandy"]
[Result "1/2-1/2"]
[WhiteElo "2624"]
[BlackElo "2809"]
[TimeControl "180+1"]
[EndTime "9:22:10 PDT"]
[Termination "Game drawn by agreement"]

1. d4 d6 2. Nf3 g6 3. g3 Bg7 4. Bg2 f5 5. c3 Nf6 6. Qb3 c6 7. O-O d5 8. Ne5 O-O 9. Nd2 e6 10. Ndf3 Ne4 11. Nd3 Nd7 12. a4 c5 13. Qa3 b6 14. a5 c4 15. Nde5 Nxe5 16. Nxe5 b5 17. a6 Bd7 18. Be3 Rb8 19. Bxe4 fxe4 20. Qd6 Bxe5 21.
dxe5 Ra8 22. h4 Rf7 23. Kg2 Qf8 24. Qxf8+ Kxf8 25. b3 cxb3 26. Rfb1 Bc6 27. Rxb3 Rc7 28. Bd4 Bd7 29. h5 Kf7 30. hxg6+ hxg6 31. Rbb1 Kg7 32.
g4 Rc4 33. Kg3 Bc6 34. Ra3 Bd7 35. Rh1 b4 36. Rb3 Bb5 37. Rxb4 Rxb4 38. cxb4 Bxa6 39. Ra1 Bxe2 40. Rxa7+ Rxa7 41. Bxa7 Kf7 42. Kf4 Ke8 43. Bc5 Kd7 44. Kg5 Kc6 45. Kxg6 Bxg4 46. Kg5 Bf5 47. Kf4 Kb5 48. Ke3 Bh3 49. Kd4 Bf5 50. Kc3 Bg4 51.
Kd4 Bf3 52. Kc3 Bg4 53. Kd4 Bf3 54. Kc3 1/2-1/2

[Event "Early-Titled-Tuesday-Blitz-May-07-2024"]
[Site "Chess.com"]
[Date "2024.05.07"]
[Round "7"]
[White "XDPS"]
[Black "toninhojit"]
[Result "1-0"]
[WhiteElo "2833"]
[BlackElo "2577"]
[TimeControl "180+1"]
[EndTime "9:22:11 PDT"]
[Termination "XDPS won by checkmate"]

1. d4 Nf6 2. c4 c5 3. d5 e6 4. Nc3 exd5 5. cxd5 d6 6. Bf4 g6 7. Nf3 Bg7 8. Qa4+ Bd7 9. Qb3 Qc7 10. e4 O-O 11. Be2 Re8 12. Nd2 a6 13. a4 Nh5 14.
Be3 Nf6 15. h3 Bc8 16. O-O Nbd7 17. a5 h6 18. f4 Nh7 19. Kh1 g5 20. Nc4 gxf4 21.
Bxf4 Ne5 22. Nxe5 Bxe5 23. Bxh6 f6 24. Na4 Kh8 25. Nb6 Rb8 26. Nxc8 Rbxc8 27. Bg4 Rb8 28. Be6 b6 29. axb6 Rxb6 30. Qf3 Rxb2 31. Rxa6 Qb7 32. Ra3 Rb1 33. Qe2 Rb8 34. Rf3 Qb2 35. Qa6 Qa1 36. Qxa1 Rxa1 37. Rxa1 Bxa1 38. Rf1 Be5 39. Bf5 Ng5 40.
h4 Nf7 41. Bc1 Rb1 42. g4 Nh6 43. Kg2 Nxf5 44. exf5 Rb4 45. g5 Rxh4 46. g6 Kg7 47.
Be3 Re4 48. Kf3 Rh4 49. Rb1 Rh3+ 50. Ke2 Rh5 51. Rb7+ Kg8 52. Rc7 Rxf5 53. Bh6 Rh5 54. Rc8# 1-0

[Event "Early-Titled-Tuesday-Blitz-May-07-2024"]
[Site "Chess.com"]
[Date "2024.05.07"]
[Round "7"]
[White "Silent-Killer100"]
[Black "Arlo2024"]
[Result "1-0"]
[WhiteElo "2558"]
[BlackElo "2400"]
[TimeControl "180+1"]
[EndTime "9:22:11 PDT"]
[Termination "Silent-Killer100 won on time"]

1. f4 c5 2. Nf3 Nc6 3. g3 g6 4. Bg2 Bg7 5. O-O e6 6. e4 Nge7 7. c3 O-O 8. d4 cxd4 9. cxd4 d5 10. e5 Nf5 11. g4 Nh4 12. Nxh4 Qxh4 13. Nc3 f6 14.
Be3 fxe5 15. fxe5 Rxf1+ 16. Bxf1 Bd7 17. Bg2 Rf8 18. Qe2 a6 19. Rf1 Rxf1+ 20. Bxf1 Bh6 21.
Bf2 Qg5 22. Qf3 Qf4 23. Qxf4 Bxf4 24. Ne2 Bd2 25. Kg2 g5 26. Nc3 Be8 27. Kf3 Bg6 28. Ke2 Bc1 29. b3 Bf4 30. h3 Kf7 31.
Kd1 Ke7 32. Na4 b5 33. Nc5 Nb4 34. a3 Na2 35. Nxa6 Nc3+ 36. Ke1 Ne4 37. Nb4 Bd2+ 38.
Ke2 Bxb4 39. axb4 Nxf2 40. Kxf2 Bc2 41. Bxb5 Bxb3 42. Ke3 1-0

[Event "Early-Titled-Tuesday-Blitz-May-07-2024"]
[Site "Chess.com"]
[Date "2024.05.07"]
[Round "7"]
[White "Zampronha1971"]
[Black "Boxerandchessplayer"]
[Result "1-0"]
[WhiteElo "2460"]
[BlackElo "2245"]
[TimeControl "180+1"]
[EndTime "9:22:11 PDT"]
[Termination "Zampronha1971 won by resignation"]

1. e4 e6 2. d4 d5 3. Nc3 Nf6 4. e5 Nfd7 5. f4 c5 6. Nf3 Nc6 7. Be3 Qb6 8. Na4 Qa5+ 9. c3 cxd4 10. b4 Nxb4 11. cxb4 Bxb4+ 12. Bd2 b5 13. Nb2 Bc3 14. Nd3 Nb6 15. Rb1 Nc4 16. Bxc3 dxc3 17. Kf2 Qb6+ 18. Kg3 a5 19. Qb3 b4 20. Be2 Qe3 21. Rhe1 Nd2 22.
Qd1 Nxb1 23. Qxb1 Ba6 24. a3 Rb8 25. axb4 axb4 26. Bf1 Qb6 27. Qc2 O-O 28. Nf2 Bxf1 29. Rxf1 Rfc8 30. Ng5 g6 31. Ng4 h5 32. Nf6+ Kg7 33.
Nxh5+ Kf8 34. Nf6 Qe3+ 35. Rf3 Qd2 36. Qa4 Qe1+ 37. Kh3 c2 38. Qd7 Kg7 39. Qxf7+ Kh6 1-0

[Event "Early-Titled-Tuesday-Blitz-May-07-2024"]
[Site "Chess.com"]
[Date "2024.05.07"]
[Round "7"]
[White "krzyzan94"]
[Black "ahkashefi2800"]
[Result "1-0"]
[WhiteElo "2799"]
[BlackElo "2600"]
[TimeControl "180+1"]
[EndTime "9:22:13 PDT"]
[Termination "krzyzan94 won on time"]

1. c4 c6 2. Nf3 d5 3. e3 Nf6 4. b3 g6 5. Bb2 Bg7 6. Nc3 O-O 7. Be2 Bg4 8. O-O e6 9. Rc1 Nbd7 10. d4 a6 11. h3 Bxf3 12. Bxf3 Re8 13. Qc2 Qe7 14. Rfd1 Rad8 15. Na4 dxc4 16. bxc4 e5 17. Qb3 e4 18. Be2 b5 19. cxb5 cxb5 20. Nc5 Nxc5 21. Rxc5 Qb7 22. Rdc1 Nd5 23. a4 b4 24. a5 Rd6 25. Bc4 Red8 26. Ba3 Bf8 27. Bb2 R6d7 28. Bxd5 Rxd5 29. Rc7 Qb5 30. Ra7 R8d7 31.
Ra8 Rd8 32. Rcc8 Qxa5 33. Qc4 h5 34. Rxa6 Rxc8 35. Qxc8 Qb5 36. Ra8 Qc5 37. dxc5 1-0

[Event "Early-Titled-Tuesday-Blitz-May-07-2024"]
[Site "Chess.com"]
[Date "2024.05.07"]
[Round "7"]
[White "Zhigalko_Sergei"]
[Black "legendisback1"]
[Result "1-0"]
[WhiteElo "2885"]
[BlackElo "2977"]
[TimeControl "180+1"]
[EndTime "9:22:14 PDT"]
[Termination "Zhigalko_Sergei won on time"]

1. e4 c6 2. d4 d5 3. e5 c5 4. Nf3 cxd4 5. Qxd4 Nc6 6. Qf4 g6 7. Nc3 Bh6 8. Qg3 Bxc1 9. Rxc1 d4 10.
Ne4 Qa5+ 11. Ned2 Nh6 12. Bc4 Nf5 13. Qf4 g5 14. Qxg5 Nxe5 15. O-O Nxc4 16. Nxc4 Qd5 17. Nce5 h6 18. Qf4 f6 19. Nd3 e5 20. Rfe1 O-O 21.
Qd2 Kh7 22. Nb4 Qd6 23. c3 a5 24. Nc2 d3 25. Ne3 Rg8 26. Rcd1 Qc6 27. Kf1 Nxe3+ 28. Qxe3 Bf5 29. Nh4 Rg4 30. Qf3 Qxf3 31. Nxf3 Rf4 32. Nd2 Rg8 33. Re3 Ra4 34. a3 Bg6 35. f3 Rh4 36. h3 Rd8 37. Ne4 Rf4 38. Kf2 f5 39. Nc5 e4 40. Ne6 1-0

[Event "Early-Titled-Tuesday-Blitz-May-07-2024"]
[Site "Chess.com"]
[Date "2024.05.07"]
[Round "7"]
[White "Arhan_Anand"]
[Black "savitha1030"]
[Result "1-0"]
[WhiteElo "2617"]
[BlackElo "2480"]
[TimeControl "180+1"]
[EndTime "9:22:14 PDT"]
[Termination "Arhan_Anand won by resignation"]

1. d4 Nf6 2. c4 g6 3. Nc3 Bg7 4. e4 d6 5. Be2 O-O 6. Be3 Nc6 7. d5 Ne5 8. f4 Neg4 9. Bd2 e5 10. dxe6 Bxe6 11. h3 Nh6 12. g4 Nd7 13. g5 f5 14.
gxh6 Qh4+ 15. Kf1 Bxc3 16. bxc3 fxe4 17. Qe1 Qxh6 18. Qg3 Ne5 19. Ke1 Nxc4 20. Bc1 Rae8 21. f5 Qg7 22. fxe6 e3 23. Nf3 Qxc3+ 24. Kf1 Qxa1 25. e7 Rf5 26. Bxc4+ d5 27. Kg2 dxc4 28. Bxe3 Qxa2+ 29. Bf2 Rxe7 30. Rd1 Re8 31. Rd2 Qb3 32. Rd7 Ref8 33. Bd4 Qxf3+ 34. Qxf3 Rxf3 35. Rg7+ Kh8 36. Rf7+ Kg8 37. Rg7+ Kh8 38. Rxg6+ R3f6 39. Bxf6+ 1-0

[Event "Early-Titled-Tuesday-Blitz-May-07-2024"]
[Site "Chess.com"]
[Date "2024.05.07"]
[Round "7"]
[White "Darko-Dimitrijevic"]
[Black "rikchessmx"]
[Result "0-1"]
[WhiteElo "2227"]
[BlackElo "2386"]
[TimeControl "180+1"]
[EndTime "9:22:15 PDT"]
[Termination "rikchessmx won on time"]

1. c4 Nf6 2. b3 e6 3. Bb2 d5 4. g3 c6 5. Bg2 Nbd7 6. d3 Bc5 7.
Nd2 Ng4 8. d4 Be7 9. e4 Ngf6 10.
e5 Ng8 11. cxd5 cxd5 12. f4 Nh6 13. Ngf3 O-O 14. O-O a5 15. a3 b5 16. Rc1 Qb6 17. Kh1 b4 18. a4 Ba6 19. Re1 Ng4 20. Kg1 Rac8 21. h3 Nh6 22. Nf1 Nf5 23. g4 Nh6 24. Ne3 f6 25. Qd2 fxe5 26. fxe5 Nf7 27. Nf1 Rxc1 28.
Qxc1 Rc8 29. Qd2 h6 30. Kh2 Ng5 31. Nh4 Ne4 32. Bxe4 Bxh4 33. Bg6 Bxe1 34. Qxe1 Nf8 35. Bb1 Qd8 36. Ng3 Qh4 37. Qe3 Qg5 38. Qf2 Nd7 39. Nh5 Rf8 40. Qe1 Rc8 41. Kg3 Qe7 42. Bc1 Qf7 0-1

[Event "Early-Titled-Tuesday-Blitz-May-07-2024"]
[Site "Chess.com"]
[Date "2024.05.07"]
[Round "7"]
[White "Oleksandr_Bortnyk"]
[Black "nihalsarin"]
[Result "1/2-1/2"]
[WhiteElo "3064"]
[BlackElo "3142"]
[TimeControl "180+1"]
[EndTime "9:22:16 PDT"]
[Termination "Game drawn by repetition"]

1. e4 Nc6 2. Nf3 e5 3. Bb5 a6 4.
Ba4 Nf6 5. Nc3 Bc5 6. d3 h6 7. h3 d6 8. Be3 Bb4 9. O-O Bd7 10. Ne2 O-O 11. c3 Ba5 12. b4 Bb6 13. Bxb6 cxb6 14.
Bb3 Re8 15. Ng3 Be6 16. Bxe6 Rxe6 17. Qb3 d5 18. Rfe1 Qd7 19. a4 Rc8 20. Nf5 g6 21.
Nxh6+ Kg7 22. Ng4 dxe4 23. dxe4 Nxg4 24. hxg4 Rf6 25. Nh2 Qd2 26. Nf3 Qd7 27. Nh2 Rd6 28. Rad1 Rd3 29. Nf3 Rd8 30. Rxd3 Qxd3 31. Re3 Qd1+ 32.
Qxd1 Rxd1+ 33. Re1 Rd3 34. Rc1 Kf6 35. Kf1 a5 36.
g5+ Ke6 37. Ke2 Rd8 38. Rb1 axb4 39. cxb4 Ra8 40. a5 bxa5 41. bxa5 Nxa5 42. Rb6+ Nc6 43.
Rxb7 Ra2+ 44. Ke3 Ra3+ 45. Ke2 Ra2+ 46. Ke3 Ra3+ 47. Kd2 Ra2+ 48. Ke1 Ra1+ 49. Ke2 Ra2+ 1/2-1/2

[Event "Early-Titled-Tuesday-Blitz-May-07-2024"]
[Site "Chess.com"]
[Date "2024.05.07"]
[Round "7"]
[White "platy3"]
[Black "AcostaPablo"]
[Result "1-0"]
[WhiteElo "2862"]
[BlackElo "2629"]
[TimeControl "180+1"]
[EndTime "9:22:16 PDT"]
[Termination "platy3 won by checkmate"]

1. c4 Nf6 2. Nc3 g6 3. g3 Bg7 4. Bg2 O-O 5. Nf3 c6 6. O-O d5 7.
cxd5 cxd5 8. d4 Nc6 9. Ne5 Bf5 10.
Bf4 Ne4 11. Nxc6 bxc6 12. Na4 Qa5 13. Rc1 Rfc8 14. b3 Nd6 15. Rc5 Qa6 16. e3 Nb7 17. Rc1 f6 18. Re1 e5 19. e4 dxe4 20. dxe5 fxe5 21.
Be3 Bf8 22. Qc2 Qd3 23. Qb2 Qd6 24. Nc3 Qa3 25. Qb1 Bb4 26. Bxe4 Nd6 27. Bxf5 Nxf5 28. Re2 Re8 29. Ne4 Rad8 30. Nf6+ Kg7 31. Nxe8+ Rxe8 32. Rxc6 Re7 33. Qe4 Qa5 34. a4 Nd4 35. Bxd4 exd4 36. Qxd4+ Kf7 37. Rxe7+ Bxe7 38. Qc4+ Ke8 39. Rc8+ Bd8 40.
Qe6+ Kf8 41. Qf6+ Ke8 42. Qxd8+ Qxd8 43. Rxd8+ Kxd8 44. Kg2 Kc7 45. f4 a5 46. g4 Kc6 47.
Kf3 Kc5 48. f5 Kb4 49. f6 Kxb3 50. f7 Kxa4 51. f8=Q Kb3 52. Qh6 a4 53. Qxh7 a3 54. Qxg6 a2 55. Qf7+ Kb2 56. Qxa2+ Kxa2 57. g5 Kb2 58. g6 Kc1 59. g7 Kd1 60. g8=Q Ke1 61. Qg2 Kd1 62. Ke3 Ke1 63. Qg1# 1-0

[Event "Early-Titled-Tuesday-Blitz-May-07-2024"]
[Site "Chess.com"]
[Date "2024.05.07"]
[Round "7"]
[White "Semetey"]
[Black "super_emi_26"]
[Result "0-1"]
[WhiteElo "2594"]
[BlackElo "2870"]
[TimeControl "180+1"]
[EndTime "9:22:16 PDT"]
[Termination "super_emi_26 won on time"]

1. Nc3 d5 2. d4 Nf6 3. Bf4 a6 4. e3 b5 5. Bd3 Bb7 6. h3 e6 7. Nf3 c5 8. Ne5 Nc6 9. a3 Rc8 10. O-O Be7 11. Nxc6 Bxc6 12. dxc5 Bxc5 13. Qe2 Qe7 14. e4 d4 15. Nb1 e5 16. Bc1 O-O 17.
Nd2 Rfe8 18. Nf3 Qb7 19. Re1 Nd7 20. Nh4 Nf8 21. Nf5 g6 22. Qg4 Bd7 23. Nh6+ Kg7 24. Qg3 f6 25. Ng4 Bxg4 26. Qxg4 Qd7 27. Qg3 Ne6 28.
Bd2 h5 29. b3 Bd6 30. a4 b4 31. Bxa6 Rxc2 32. Bb5 Qe7 33. Bxe8 Qxe8 34. Qd3 Rc8 35. Rec1 Nc5 36. Qc4 Rc7 37. Qd5 Bf8 38. f3 Rd7 39.
Qc4 Ne6 40. Bxb4 Bxb4 41. Qxb4 Nf4 42. Qd2 d3 43. a5 Ne2+ 44. Kh2 Nxc1 45. Rxc1 Qb8 46.
b4 Rd4 47. Rb1 Qb5 48. Rb3 Rd6 49. Rc3 Rd7 50. Rc5 Qa4 51. b5 Qd4 52. Rc3 Qxc3 53.
Qxc3 d2 54. Qxd2 Rxd2 55. b6 Rb2 56. Kg1 Rb5 57. Kf1 Rxa5 0-1

[Event "Early-Titled-Tuesday-Blitz-May-07-2024"]
[Site "Chess.com"]
[Date "2024.05.07"]
[Round "7"]
[White "Firouzja2003"]
[Black "baki83"]
[Result "1-0"]
[WhiteElo "3201"]
[BlackElo "2917"]
[TimeControl "180+1"]
[EndTime "9:22:17 PDT"]
[Termination "Firouzja2003 won by resignation"]

1. e4 c5 2. Nf3 d6 3. Nc3 Nf6 4. d4 cxd4 5. Qxd4 Nc6 6. Qe3 g6 7. Bc4 Bg7 8. h3 O-O 9. O-O Bd7 10. Rd1 Rc8 11. Bb3 a6 12. Qf4 Na5 13. Qh4 Nxb3 14. axb3 Rc5 15. Be3 Rh5 16. Qg3 Qc8 17. Nd2 Be6 18. f3 d5 19. e5 Nd7 20. f4 f6 21.
exf6 Nxf6 22. Nf3 Bf5 23. Rd2 Ne4 24. Nxe4 Bxe4 25. c3 Qf5 26. Nd4 Qf7 27. Rf2 Bf6 28. Qg4 Bh4 29. Rff1 Bf6 30. b4 h6 31. Rad1 Kh7 32.
Rd2 Rg8 33. Qe6 Qe8 34. Qg4 Qf7 35. Nb3 Rf5 36. Nc5 e5 37. Rdf2 h5 38. Qg3 Rf8 39.
fxe5 h4 40. Qg4 Bxe5 41. Nxe4 dxe4 42. Qxh4+ Kg7 43. Bh6+ Kg8 44. Rxf5 gxf5 45. Bxf8 Qg6 46. Bc5 1-0

[Event "Early-Titled-Tuesday-Blitz-May-07-2024"]
[Site "Chess.com"]
[Date "2024.05.07"]
[Round "7"]
[White "vladgoncharov"]
[Black "thesupera12"]
[Result "0-1"]
[WhiteElo "2578"]
[BlackElo "2471"]
[TimeControl "180+1"]
[EndTime "9:22:17 PDT"]
[Termination "thesupera12 won on time"]

1. d4 Na6 2. e4 c5 3. Nf3 cxd4 4. Nxd4 Nc5 5. Nc3 g6 6. Be3 d6 7.
Bc4 Bg7 8. O-O Nf6 9. e5 dxe5 10.
Bb5+ Ncd7 11. Nf3 O-O 12. Qe2 a6 13. Ba4 b5 14. Bb3 Bb7 15. Rfd1 Qc7 16. Ng5 Nc5 17. Bd5 Nxd5 18. Nxd5 Bxd5 19. Rxd5 Na4 20. c3 Rfd8 21. Qf3 e6 22. Rd2 Rxd2 23. Qxa8+ Qd8 24. Qxd8+ Rxd8 25. Rb1 Nxb2 26. h4 Nc4 27. Ne4 Nxe3 28. fxe3 f5 29. Nc5 Rd2 30. a4 Bh6 31. Nxe6 Bxe3+ 32. Kf1 Rf2+ 33. Ke1 Rxg2 34. Rb4 Rg4 35. axb5 Rxb4 36. cxb4 axb5 37. Nc7 Bd4 38. Nxb5 Kf7 39. Ke2 Ke6 40. Kd3 Kd5 41. Nc7+ Kc6 42. Ne6 Bf2 43. h5 gxh5 44. Ng7 e4+ 45. Ke2 Bg3 46. Nxf5 h4 47. Kf1 Kd5 0-1

[Event "Early-Titled-Tuesday-Blitz-May-07-2024"]
[Site "Chess.com"]
[Date "2024.05.07"]
[Round "7"]
[White "DrVelja"]
[Black "viditchess"]
[Result "0-1"]
[WhiteElo "2967"]
[BlackElo "3126"]
[TimeControl "180+1"]
[EndTime "9:22:18 PDT"]
[Termination "viditchess won by resignation"]

1. e4 e5 2. Nf3 Nc6 3. Bb5 a6 4. Ba4 Nf6 5. O-O Be7 6. d3 d6 7.
c3 O-O 8. h3 b5 9. Bb3 Bb7 10.
Re1 Nb8 11. Nbd2 Nbd7 12. d4 Re8 13. Bc2 Bf8 14. a4 Rb8 15. Bd3 Ba8 16. b4 g6 17.
Qc2 Bg7 18. Bb2 c6 19. Rad1 Qc7 20. dxe5 dxe5 21. c4 bxa4 22. Qxa4 a5 23. Bc3 axb4 24. Bxb4 Bf8 25. Bxf8 Kxf8 26. c5 Nxc5 27. Qa3 Qe7 28. Bc4 h6 29. Rc1 Ncd7 30. Qe3 Kg7 31.
Ba2 c5 32. Red1 Red8 33. Bc4 Rb4 34. Ra1 Nb6 35. Rdc1 Bxe4 36. Nxe4 Nxc4 37. Qe1 Nd5 38. Ned2 Nxd2 39. Nxd2 Nf4 40. Nf3 Nd3 41. Qc3 Nxc1 42. Rxc1 Rd5 43. Re1 f6 44. Nd2 Rbd4 45. Nc4 Rd1 46.
Ne3 Rxe1+ 47. Qxe1 Rd7 0-1

[Event "Early-Titled-Tuesday-Blitz-May-07-2024"]
[Site "Chess.com"]
[Date "2024.05.07"]
[Round "7"]
[White "ChessQueen"]
[Black "arenal72"]
[Result "1/2-1/2"]
[WhiteElo "2804"]
[BlackElo "2624"]
[TimeControl "180+1"]
[EndTime "9:22:18 PDT"]
[Termination "Game drawn by repetition"]

1. e4 e6 2. d4 d5 3. exd5 exd5 4. Nf3 Bd6 5. Bd3 Nc6 6. O-O Nge7 7. c4 dxc4 8. Bxc4 O-O 9. Nc3 h6 10. Re1 Bg4 11.
d5 Bxf3 12. gxf3 Ne5 13. Bf1 N5g6 14. Qd3 c6 15. Rd1 cxd5 16. Nxd5 Nxd5 17. Qxd5 Be5 18. Qxd8 Rfxd8 19. Be3 b6 20. Rdb1 Rac8 21. a4 Rc2 22. a5 Rxb2 23. Rxb2 Bxb2 24. Rb1 Bd4 25. axb6 Bxb6 26. Ra1 Ne5 27. f4 Ng4 28. Bxb6 axb6 29. h3 Nf6 30. Rb1 Rd4 31. Rxb6 Rxf4 32. Bd3 g6 33.
Kg2 Kg7 34. Rb7 Rd4 35. Bc2 Rd7 36. Rb4 h5 37. Bb3 Re7 38. Rb6 Nd7 39. Rb7 Kf6 40. Bc4 Ne5 41. Rb6+ Kg5 42. Bb3 f5 43. Rb4 f4 44.
h4+ Kxh4 45. Rxf4+ Kg5 46. Re4 Kf6 47. Rf4+ Kg7 48.
Re4 Nc6 49. Ra4 Ne5 50. Bc2 Re6 51. Ra7+ Kf6 52. Ra8 Ng4 53. Bd1 Kg5 54. Ra5+ Re5 55. Ra6 Rf5 56. Bxg4 hxg4 57. Ra4 Rf4 58. Ra5+ Rf5 59. Ra4 Rf4 60. Ra5+ Rf5 61. Ra4 1/2-1/2

[Event "Early-Titled-Tuesday-Blitz-May-07-2024"]
[Site "Chess.com"]
[Date "2024.05.07"]
[Round "7"]
[White "bancsoo"]
[Black "h4parah5"]
[Result "0-1"]
[WhiteElo "2881"]
[BlackElo "3022"]
[TimeControl "180+1"]
[EndTime "9:22:20 PDT"]
[Termination "h4parah5 won by resignation"]

1. Nf3 Nf6 2. g3 d5 3. Bg2 c5 4.
O-O e6 5. d4 cxd4 6. Nxd4 e5 7.
Nb3 Be6 8. Nc3 Be7 9. f4 exf4 10. gxf4 g6 11. Kh1 Nc6 12. Be3 O-O 13. f5 Bxf5 14. Rxf5 gxf5 15. Qd2 Kh8 16. Rf1 Qd7 17. Nxd5 Nxd5 18. Bxd5 Bf6 19. c4 Rad8 20. Nc5 Qc8 21. Bg5 Bxg5 22. Qxg5 Rd6 23. Qxf5 Qxf5 24. Rxf5 Ne7 25.
Re5 Nxd5 26. cxd5 Rc8 27. Ne4 Rg6 28. Ng3 Kg7 29. Kg2 Rc2 30. Kf3 Rxb2 31. Re7 Kf8 32. Rc7 Rf6+ 33. Kg4 h6 34. e4 Rxh2 35. Nf5 Kg8 36.
Rxb7 Rxa2 37. d6 Rd2 38. e5 Re6 39. Kf4 f6 40. Ne7+ Kf7 41. Nd5+ Kg6 42. Ne7+ Kh5 43. Nf5 Rf2+ 44. Kg3 Rxf5 45. d7 Rg5+ 46. Kf4 fxe5+ 47. Ke4 Rd6 0-1

[Event "Early-Titled-Tuesday-Blitz-May-07-2024"]
[Site "Chess.com"]
[Date "2024.05.07"]
[Round "7"]
[White "Skatchkov_V"]
[Black "LeoLV10"]
[Result "0-1"]
[WhiteElo "2605"]
[BlackElo "2497"]
[TimeControl "180+1"]
[EndTime "9:22:20 PDT"]
[Termination "LeoLV10 won on time"]

1. d4 Nf6 2. Bf4 d5 3. Nf3 c5 4.
e3 Nc6 5. Nbd2 Bg4 6. c3 e6 7. Bd3 cxd4 8. exd4 Bd6 9. Bxd6 Qxd6 10. O-O O-O 11. h3 Bh5 12. Qb3 a6 13. Rae1 Nd7 14. Ng5 Bg6 15. Qc2 e5 16. Bxg6 hxg6 17. dxe5 Ndxe5 18. Qa4 f6 19. Ngf3 b5 20. Qc2 g5 21.
Rd1 Rad8 22. Qf5 Ne7 23. Qc2 Qe6 24. Rfe1 N7c6 25. a4 Rfe8 26. axb5 axb5 27. Nd4 Nxd4 28. cxd4 Qc6 29. Qf5 Nf7 30. Nf1 Nd6 31. Qg6 Ne4 32. Ng3 Nxg3 33. fxg3 Qd7 34. Kh2 Qf7 35. Qd3 b4 36. Rc1 Rxe1 37. Rxe1 Rc8 38. Qb5 Rc4 39. Qb6 Kh7 40. Re6 Qg6 41. Qd8 Rc2 42. Re8 Qf7 43. Rh8+ Kg6 0-1

[Event "Early-Titled-Tuesday-Blitz-May-07-2024"]
[Site "Chess.com"]
[Date "2024.05.07"]
[Round "7"]
[White "Jospem"]
[Black "Genghis_K"]
[Result "0-1"]
[WhiteElo "3046"]
[BlackElo "2929"]
[TimeControl "180+1"]
[EndTime "9:22:21 PDT"]
[Termination "Genghis_K won on time"]

1. e4 c5 2. Nf3 d6 3. c3 Nf6 4.
h3 Nc6 5. Bd3 g5 6. Bc2 g4 7. hxg4 Bxg4 8. d3 d5 9. Qe2 Qc7 10. Bg5 O-O-O 11. Nbd2 h5 12. O-O-O Rg8 13. Bh4 Bh6 14. Kb1 dxe4 15. Nxe4 Nd5 16. Bg3 Bf4 17. Bh4 Ne5 18. d4 cxd4 19. Rxd4 Nc6 20. Rdd1 Ne5 21. Bb3 Nxf3 22. gxf3 Be6 23. Rd4 Kb8 24. Rhd1 Nb6 25.
Bxe6 fxe6 26. a4 Rxd4 27. Rxd4 a6 28. Ka2 Qc6 29. Bxe7 Nxa4 30. Rc4 Qb5 31. Nd6 Qd5 32. Qe4 Nb6 33. Qxd5 Nxd5 34. Nf7 Nxe7 35. Rxf4 Rf8 36. Rf6 Nd5 37. Rxe6 Rxf7 38. Re5 Nf4 39. Rg5 Rh7 40. Rf5 h4 41. Rxf4 h3 42. Rf8+ Ka7 43. Rf7 Rxf7 44. f4 h2 45. f5 h1=Q 46. f6 Qd5+ 47. c4 Qxc4+ 48. Ka3 Rxf6 49. b3 Rf3 0-1

[Event "Early-Titled-Tuesday-Blitz-May-07-2024"]
[Site "Chess.com"]
[Date "2024.05.07"]
[Round "7"]
[White "rachidhuilda"]
[Black "Alenzer"]
[Result "1-0"]
[WhiteElo "2349"]
[BlackElo "2218"]
[TimeControl "180+1"]
[EndTime "9:22:22 PDT"]
[Termination "rachidhuilda won by resignation"]

1. d4 d5 2. Nf3 Nf6 3. c4 e6 4. g3 dxc4 5. Bg2 c6 6. Ne5 Nbd7 7. Nxc4 Be7 8. O-O O-O 9. Nc3 Nb6 10. b3 Nbd5 11. Bb2 Nxc3 12. Bxc3 Nd5 13. Bb2 f5 14. e4 fxe4 15. Bxe4 Nf6 16. Bg2 a5 17. a4 Nd5 18.
Qe2 Bf6 19. Bh3 Re8 20. Ne5 Qd6 21. Qc4 Bxe5 22. dxe5 Qb4 23. Rfd1 Qe7 24. Rd4 Bd7 25. Rad1 b5 26. Qe2 b4 27. Rc1 c5 28. Rd2 Rf8 29. Bg2 Bc6 30. Qc4 Rac8 31. Qxc5 Qg5 32. Qd4 Rfd8 33. f4 Qg4 34. Qf2 Qf5 35. Rcd1 Qf8 36. Bh3 Bd7 37. f5 Nc7 38. f6 gxf6 39. exf6 Qf7 40.
Rd4 Nd5 41. Rg4+ Kh8 42. Rg7 Qf8 43. f7 Qxg7 44. Bxg7+ Kxg7 45. Qd4+ Nf6 46. Rf1 e5 47. Qxe5 Bxh3 48. Qxf6+ Kf8 49. Qh6+ Ke7 50. Qxh3 Re8 51. Qh4+ Kf8 52. fxe8=Q+ Kxe8 53. Qxh7 1-0